 Dungeon Crawl Stone Soup version 0.30-a0-475-g03497ec522 (webtiles) character file.

Game seed: 35362243130163874

1372 IdlyInterested the Trooper (level 8, -1/102 HPs)
             Began as a Demonspawn Wanderer on Dec 20, 2022.
             Slain by an orc
             ... wielding a +0 flail
              (2 damage)
             ... on level 6 of the Dungeon.
             The game lasted 00:19:08 (6314 turns).

IdlyInterested the Trooper (Demonspawn Wanderer)    Turns: 6314, Time: 00:19:10

Health: -1/102     AC:  5    Str: 14    XL:     8   Next: 38%
Magic:  8/8        EV: 11    Int: 12    God:
Gold:   382        SH:  0    Dex: 15    Spells: 7/7 levels left

rFire   . . .      SeeInvis .    n - +2 rapier (venom)
rCold   . . .      Faith    .    (no shield)
rNeg    . . .      Spirit   .    C - +3 chain mail
rPois   .          Reflect  .    (helmet restricted)
rElec   .          Harm     .    j - +0 cloak
rCorr   .          Rampage  .    (no gloves)
Will    .....                    (no boots)
Stlth   ..........               u - amulet of the acrobat
HPRegen 0.37/turn                l - +4 ring of evasion
MPRegen 0.11/turn                (no ring)

@: berserking, corroded, very quick
A: antennae 1, hooves 1, weakness stinger 1
a: no special abilities


You were on level 6 of the Dungeon.
You visited 1 branch of the dungeon, and saw 6 of its levels.
You also visited: Sewer.

You collected 382 gold pieces.

Inventory:

Hand Weapons
 g - a +0 spear
 n - a +2 rapier of venom (weapon)
 D - a +0 morningstar
 J - a +0 rapier
Missiles
 i - 104 stones
 q - 31 poisoned darts (quivered)
 r - 2 throwing nets
Armour
 d - a +1 leather armour
 j - a +0 cloak (worn)
 C - a +3 chain mail (worn)
 G - a +0 plate armour
Jewellery
 l - a +4 ring of evasion (left hand)
 u - an amulet of the acrobat (around neck)
Wands
 p - a wand of mindburst (21)
 t - a wand of quicksilver (4)
 y - a wand of flame (27)
 B - a wand of charming (7)
Scrolls
 c - 3 scrolls of fog
 k - a scroll of summoning
 v - 4 scrolls of enchant weapon
 F - 2 scrolls of teleportation
 H - 3 scrolls of vulnerability
 I - a scroll of enchant armour
Potions
 a - 3 potions of might
 b - 3 potions of attraction
 f - a potion of resistance {unknown}
 h - 2 potions of brilliance
 m - 2 potions of flight
 w - a potion of curing
 x - 2 potions of haste
 z - a potion of mutation
 E - a potion of lignification
Miscellaneous
 e - a condenser vane


   Skills:
 + Level 7.9 Fighting
 - Level 2.0 Throwing
 - Level 4.0 Armour
 * Level 4.0 Dodging
 - Level 2.0 Stealth
 - Level 5.0 Evocations


You had 7 spell levels left.
You didn't know any spells.
Your spell library contained the following spells:

 Spells                   Type           Power      Damage    Failure   Level
 Freeze                   Ice            0%         1d3       100%        1
 Cigotuvi's Dreadful Rot  Necr/Pois/Air  0%         N/A       100%        2
 Static Discharge         Conj/Air       0%         2-2/arc   100%        2
 Frozen Ramparts          Ice            0%         1d1       100%        3
 Hailstorm                Conj/Ice       0%         3d3       100%        3
 Vhi's Electric Charge    Tloc/Air       0%         N/A       100%        3
 Dispel Undead            Necr           0%         3d6       100%        4
 Arcjolt                  Conj/Air       0%         1d10      100%        5
 Lightning Bolt           Conj/Air       0%         1d11      100%        5
 Death Channel            Necr           0%         N/A       100%        6


Dungeon Overview and Level Annotations

Branches:
Dungeon (6/15)              Sewer (visited)
 Temple: D:4-7

Altars:
Gozag
Hepliaklqana
Kikubaaqudgha

Annotations:
D:6 Eustachio


Innate Abilities, Weirdness & Mutations

You have a pair of small antennae on your head.
You have large cloven feet.
You have a small tail.


Message History

Your tail-slap misses Eustachio.
You punch Eustachio, but do no damage.
An orc comes into view. It is wielding a +0 club.
Eustachio mumbles some strange words.
Eustachio blinks!
The white imp barely misses you.
You puncture the white imp!
You kill the white imp!
The white imp disappears in a puff of smoke!
An orc comes into view. It is wielding a +0 dagger.
You barely miss the orc. You kick the orc, but do no damage.
You tail-slap the orc.
The orc is lightly wounded.
A bullfrog comes into view.
An orc comes into view. It is wielding a +0 club.
The orc hits you but does no damage.
The orc wizard mumbles some strange words.
The orc wizard flickers and vanishes!
Deactivating autopickup; reactivate with Ctrl-A.
An orc comes into view. It is wielding a +0 hand axe.
The orc closely misses you.
You hear a shout!
You puncture the orc!
You kill the orc!
You hit the orc but do no damage.
The orc is poisoned.
You kick the orc, but do no damage. The orc barely misses you. x2
The bullfrog barely misses you.
Eustachio mumbles some strange words.
You hit something. Your kick misses something.
The bullfrog hits you but does no damage.
An orc comes into view. It is wielding a +0 war axe of venom.
The orc hits you but does no damage. The orc hits you with a +0 flail!
* * * LOW HITPOINT WARNING * * *
The orc warrior shoots a bolt.
The bolt misses you. The bullfrog closely misses you.
You closely miss something.
The orc hits you from afar with a +0 trident.
* * * LOW HITPOINT WARNING * * *
Something hits you but does no damage.
A necrophage comes into view.
The orc hits you with a +0 flail.
You die...

## ..
#........ .#
#o....... ##
#...5..5. #
#o..o@... #
#.o......
#o.5o....
#.oo.....
#@{......
#.####F.......
#....<........
#..#######n###
# #


You could see Eustachio, an orc warrior, a necrophage, a bullfrog, an iron imp
(summoned), a white imp (summoned), 7 orcs and an ufetubus (summoned).

Vanquished Creatures
  Prince Ribbit (D:5)
  A black bear (D:4)
  3 ogres
  A phantom (D:5)
  2 kobold brigands (D:3)
  A necrophage (D:5)
  A scorpion (D:5)
  An orc priest (D:5)
  A hound (D:5)
  A jelly (D:6)
  Jessica (D:2)
  2 iguanas
  An orc wizard (D:5)
  13 gnolls
  3 adders
  A river rat (Sewer)
  2 white imps (D:5)
  An ufetubus (D:5)
  7 worms
  A dart slug (D:3)
  6 orcs
  7 ball pythons
  8 endoplasms
  3 giant cockroaches
  7 goblins
  6 hobgoblins
  4 jackals
  42 kobolds
  4 quokkas
  3 bats
  10 frilled lizards
  9 rats
154 creatures vanquished.

Notes
Turn   | Place    | Note
-------+----------+-------------------------------------------
     0 | D:1      | IdlyInterested the Demonspawn Wanderer began the quest for
                  | the Orb.
     0 | D:1      | IdlyInterested set off with the following items: a +0 club,
                  | a potion of attraction, 2 scrolls of fog, a +0 leather
                  | armour, a condenser vane.
     0 | D:1      | Reached XP level 1. HP: 16/16 MP: 1/1
   282 | D:1      | Reached skill level 1 in Stealth
   377 | D:1      | Discovered your monstrous ancestry.
   377 | D:1      | Gained mutation: You have a pair of small antennae on your
                  | head. [demonic ancestry]
   377 | D:1      | Reached XP level 2. HP: 21/22 MP: 2/2
   426 | D:1      | Reached skill level 1 in Throwing
   696 | D:1      | Gained mutation: You have large cloven feet. [demonic
                  | ancestry]
   696 | D:1      | Reached XP level 3. HP: 25/28 MP: 3/3
  1248 | D:2      | Noticed Jessica
  1260 | D:2      | Killed Jessica
  1261 | D:2      | Reached skill level 3 in Fighting
  1342 | D:2      | Reached XP level 4. HP: 35/35 MP: 4/4
  2032 | D:3      | Reached XP level 5. HP: 42/42 MP: 5/5
  2049 | D:3      | Found a glowing drain.
  2055 | Sewer    | Entered a sewer
  2152 | Sewer    | Reached skill level 4 in Fighting
  2776 | D:3      | Found a hazy altar of Hepliaklqana.
  3275 | D:3      | Reached XP level 6. HP: 41/49 MP: 6/6
  3294 | D:3      | Reached skill level 5 in Fighting
  3842 | D:3      | Found an opulent altar of Gozag.
  4316 | D:4      | Reached XP level 7. HP: 15/56 MP: 7/7
  5079 | D:5      | Entered Level 5 of the Dungeon
  5261 | D:5      | Reached skill level 6 in Fighting
  5621 | D:5      | Noticed Prince Ribbit
  5631 | D:5      | Killed Prince Ribbit
  5632 | D:5      | Reached skill level 7 in Fighting
  5632 | D:5      | Gained mutation: You have a small tail. [demonic ancestry]
  5632 | D:5      | Reached XP level 8. HP: 39/67 MP: 8/8
  6135 | D:5      | Found an ancient bone altar of Kikubaaqudgha.
  6293 | D:6      | Noticed Eustachio
  6314 | D:6      | HP: 1/102 [orc/+0 trident (5)]
  6314 | D:6      | Slain by an orc

Illustrated notes

Levels and vault maps discovered:
D:1:      dpeg_arrival_ternary, layout_loops_ring
D:2:      layout_loops_ring, minmay_misc_feat_tiny, uniq_jessica
D:3:      minmay_goblin_kobold_castle, layout_rooms,
          mainiacjoe_overflow_big_doors, gup_sewer_entry_bubbles, minivault_5
D:4:      layout_basic
D:5:      layout_loops_ring, kennysheep_mini_moat,
          hangedman_abyss_or_decor_stabs, dk_noncrumbling_4, uniq_prince_ribbit1
D:6:      layout_basic, nemelex_dance_club_becter, serial_shops, shop_fountains,
          gammafunk_ghost_abyssal_escape, item_on_display_a, uniq_eustachio,
          uniq_crazy_yiuf_cottage

Skill      XL: |  1  2  3  4  5  6  7  8 |
---------------+-------------------------+-----
Armour         | 2 3 4 |  4.0
Stealth        | 1 2 |  2.0
Throwing       | 1 2 |  2.0
Fighting       | 3 4 5 7 |  7.9
Dodging        | 2 3 4 |  4.0
Evocations     | |  5.0

Action                   |  1- 3 |  4- 6 |  7- 9 || total
-------------------------+-------+-------+-------++-------
Melee: Mace              |    31 |       |       ||    31
       Flail             |    55 |       |       ||    55
       Rapier            |     9 |   226 |   109 ||   344
       Kick              |     5 |    67 |    34 ||   106
       Punch             |       |     4 |     1 ||     5
       Tailslap          |       |       |     8 ||     8
Throw: Stone             |     2 |       |       ||     2
       Dart              |       |       |     7 ||     7
Evoke: Condenser vane    |     1 |     1 |       ||     2
       Wand              |       |     3 |     3 ||     6
  Use: Scroll            |     2 |    10 |     2 ||    14
       Potion            |       |     4 |     2 ||     6
 Stab: Sleeping          |     2 |     1 |       ||     3
Armor: Leather armour    |    38 |    21 |       ||    59
       Chain mail        |       |   173 |    70 ||   243
       Scale mail        |       |     4 |       ||     4
Dodge: Dodged            |    48 |   132 |    56 ||   236

Table legend: (Time is in decaauts)
 A = Elapsed time spent in this place.
 B = Non-inter-level travel time spent in this place.
 C = Inter-level travel time spent in this place.
 D = Time resting spent in this place.
 E = Time spent auto-exploring this place.
 F = Levels seen in this place.
 G = Mean time per level.
                   A        B        C        D        E       F      G
               +--------+--------+--------+--------+--------+-----+--------+
         Total |   6490 |   5961 |    529 |   1253 |   2913 |   7 |  927.1 |
       Dungeon |   5991 |   5462 |    529 |   1180 |   2895 |   6 |  998.5 |
         Sewer |    499 |    499 |      0 |     73 |     18 |   1 |  499.0 |
               +--------+--------+--------+--------+--------+-----+--------+

Top non-repeatable levels by time:
     D:3: 1749 daAuts
     D:4: 1091 daAuts
     D:5: 1090 daAuts
     D:1: 1087 daAuts
     D:2: 935 daAuts
   Sewer: 499 daAuts
     D:6: 37 daAuts
